Map: Dead of Night

Players

BunnyLove

  • Race: Terran Terran

ZHyperLing

  • Race: Terran Terran
  • Spawn Location: 0:00

VOD

Have the link to the VOD?

Description

Time

  • Played on: March 15, 2018, 11:08 a.m.
  • Length: 20:55
Show
View Real Time Build Order
Export as new Build Order

BunnyLove Terran 

Build Orders:  

Get SALT Encoding   

  12  0:05  Starport Tech Lab  
  13  0:11  SCV  
  13  0:26  Supply Depot  
  13  0:28  SCV  
  14  0:45  SCV  
  16  1:02  SCV  
  16  1:03  Assault Galleon  
  16  1:19  SCV  
  17  1:34  Assault Galleon  
  17  1:35  SCV  
  19  1:51  Refinery  
  19  1:52  SCV  
  19  2:09  SCV  
  20  2:14  Refinery  
  20  2:26  SCV  
  21  2:31  Supply Depot  
  22  2:43  SCV  
  22  2:52  Engineering Bay  
  23  3:00  SCV  
  23  3:06  Hellbat  
  23  3:07  Hellbat  
  27  3:17  SCV  
  28  3:24  Reaper  
  28  3:25  Reaper  
  31  3:34  Reaper, SCV  
  31  3:35  Reaper  
  31  3:39  Jetpack Overdrive  
  34  3:51  SCV  
  34  3:55  Reaper x2  
  36  4:06  Supply Depot  
  36  4:08  SCV  
  37  4:17  Reaper x2  
  39  4:25  SCV  
  39  4:27  Reaper  
  42  4:42  Reaper x2, SCV  
  44  4:51  Armory  
  44  4:56  Reaper  
  44  4:59  Reaper, SCV  
  47  5:16  SCV  
  48  5:22  Supply Depot  
  48  5:24  Reaper x2  
  51  5:33  SCV  
  51  5:36  Assault Galleon  
  51  5:45  Reaper x2  
  54  5:52  SCV  
  54  5:55  Reaper x2  
  57  6:11  Strike Fighter Platform, SCV  
  59  6:20  Theia Raven  
  59  6:28  Reaper x2  
  63  6:36  SCV  
  63  6:38  Reaper x2  
  64  6:47  Horner Weapons Level 1  
  64  6:48  Reaper x2  
  66  6:50  Supply Depot  
  67  7:00  Reaper x2  
  67  7:08  Strike Fighter Platform  
  72  7:10  Reaper  
  72  7:14  Reaper, SCV  
  74  7:20  Reaper  
  74  7:24  Reaper x2  
  74  7:29  Reaper  
  77  7:36  Refinery  
  78  7:40  SCV  
  78  7:41  Fusion Core  
  78  7:51  Reaper  
  78  7:57  SCV  
  78  7:58  Reaper  
  78  7:59  Reaper  
  83  8:14  SCV  
  83  8:19  Reaper x2  
  83  8:23  Reaper  
  83  8:29  Reaper  
  85  8:42  Reaper x2  
  85  8:47  Supply Depot x2  
  87  8:51  Reaper  
  87  8:52  Reaper x2  
  87  8:56  Theia Raven  
  91  9:00  Multi-Threaded Sensors  
  91  9:09  Napalm Payload  
  90  9:17  Reaper x2  
  91  9:21  Reaper  
  91  9:27  Reaper  
  92  9:34  Reaper x2  
  92  9:36  Reaper  
  92  9:44  Reaper  
  92  9:47  Reaper x2  
  90  9:54  Reaper  
  90  9:57  Reaper x2  
  87  10:00  Horner Weapons Level 2  
  87  10:07  Reaper x2  
  87  10:09  Reaper  
  86  10:17  Reaper x2  
  86  10:19  Reaper  
  89  10:21  Strike Fighter Platform  
  89  10:25  Strike Fighter Platform  
  89  10:27  Reaper  
  95  10:31  SCV  
  95  10:34  Assault Galleon  
  95  10:35  Reaper  
  96  10:46  Reaper x3  
  99  10:56  Reaper  
  99  10:57  Reaper x2  
  101  11:06  Reaper  
  101  11:07  Reaper  
  102  11:12  Reaper  
  102  11:16  Reaper  
  102  11:17  Reaper  
  103  11:22  Reaper  
  103  11:26  Reaper  
  103  11:40  Reaper x2  
  106  11:54  SCV  
  106  12:00  Reaper x3  
  110  12:10  Reaper x2  
  110  12:11  SCV  
  110  12:19  Supply Depot  
  112  12:23  Strike Fighter Platform  
  112  12:25  Reaper x2, Supply Depot  
  116  12:44  Reaper x3  
  119  12:52  Reaper  
  119  12:54  Reaper x2  
  119  12:55  Reaper  
  123  13:02  Reaper  
  123  13:04  Reaper x2  
  123  13:08  Reaper  
  124  13:15  Reaper x2  
  126  13:26  Supply Depot, SCV  
  125  13:34  Reaper  
  125  13:35  Reaper  
  125  13:37  Reaper x2  
  125  13:44  Reaper  
  125  13:45  Reaper  
  122  13:54  Reaper x3  
  123  14:06  Horner Weapons Level 3  
  123  14:07  Strike Fighter Platform  
  123  14:08  Reaper x2  
  123  14:09  Reaper, Strike Fighter Platform  
  128  14:11  Reaper  
  128  14:18  Reaper x2  
  128  14:24  Reaper x2  
  128  14:28  Reaper x2  
  130  14:33  Reaper  
  130  14:34  Reaper  
  130  14:38  Reaper  
  132  14:45  Reaper  
  132  14:46  Reaper x2  
  130  15:04  Reaper x2  
  132  15:16  Reaper  
  132  15:17  Reaper  
  134  15:20  Reaper  
  135  15:33  Theia Raven  
  135  15:35  Theia Raven  
  137  15:47  Reaper x3  
  140  15:52  Reaper  
  140  15:57  Reaper x3  
  142  16:02  Reaper  
  142  16:07  Reaper x3  
  144  16:12  Reaper  
  144  16:17  Reaper  
  141  16:25  Theia Raven  
  143  16:30  Reaper x3  
  139  16:44  Reaper x2  
  138  16:52  Reaper x2  
  138  17:08  Asteria Wraith  
  146  17:13  Trigger Override  
  146  17:18  Reaper x2  
  145  17:21  Reaper  
  145  17:25  Reaper  
  145  17:28  Reaper  
  145  17:29  Reaper  
  149  17:34  Reaper  
  149  17:35  Reaper  
  149  17:52  Reaper  
  150  18:05  Reaper x3  
  149  18:11  Reaper  
  149  18:15  Reaper  
  149  18:19  Reaper x2  
  151  18:28  Reaper x2  
  152  18:30  Reaper x2  
  152  18:37  Reaper  
  152  18:39  Reaper  
  152  18:40  Reaper  
  152  18:42  Reaper  
  152  18:47  Reaper  
  152  18:49  Reaper  
  152  18:50  Reaper  
  152  18:52  Reaper  
  150  19:07  Reaper  
  150  19:08  Reaper  
  151  19:18  Reaper x2  
  125  19:46  Reaper x2  
  114  19:54  Reaper x2  
  114  19:56  Reaper x2  
  97  20:00  Asteria Wraith  
  97  20:04  Reaper x2  
  97  20:06  Reaper  
  51  20:27  Reaper x2  
  32  20:35  Dominion Starport  
Show
View Real Time Build Order
Export as new Build Order

ZHyperLing Terran 

Build Orders:  

Get SALT Encoding   

Tags
 
Commander
HornerRaynor
Matchup
Co-op
Replay Pack
Co-op Speedrun
Add a new tag
Caveats
  • Supply blocks, unpowered buildings, or Contaminate may cause inaccurate times.
  • Supply counts are checked every 10 seconds.